 Dungeon Crawl Stone Soup version 0.27.0-1-g7a089689b8 (webtiles) character file.

Game seed: 16730043303200827082

37 Crownlay the Chopper (level 3, -1/31 HPs)
             Began as a Hill Orc Fighter on Aug 16, 2021.
             Slain by a worm (8 damage)
             ... on level 2 of the Dungeon.
             The game lasted 00:02:16 (1471 turns).

Crownlay the Chopper (Hill Orc Fighter)             Turns: 1471, Time: 00:02:17

Health: -1/31      AC:  6    Str: 19    XL:     3   Next: 39%
Magic:  3/3        EV:  9    Int:  8    God:
Gold:   36         SH:  0    Dex: 10    Spells: 2/2 levels left

rFire    . . .     SeeInvis .   a - +0 war axe
rCold    . . .     Faith    .   (no shield)
rNeg     . . .     Spirit   .   b - +0 scale mail
rPois    .         Reflect  .   (no helmet)
rElec    .         Harm     .   (no cloak)
rCorr    .         Rampage  .   (no gloves)
Will     .....                  (no boots)
Stlth    ..........             (no amulet)
HPRegen  0.10/turn              (no ring)
MPRegen  0.08/turn              (no ring)

@: no status effects
A: no striking features
a: no special abilities


You were on level 2 of the Dungeon.
You visited 1 branch of the dungeon, and saw 2 of its levels.

You collected 36 gold pieces.

Inventory:

Hand Weapons
 a - a +0 war axe (weapon)
Missiles
 h - 8 curare-tipped darts (quivered)
Armour
 b - a +0 scale mail (worn)
 c - a +0 kite shield
Scrolls
 f - 2 scrolls of identify {unknown}
 g - 2 scrolls of teleportation {unknown}
 i - a scroll of brand weapon {unknown}
Potions
 d - a potion of might
 e - a potion of curing {unknown}


   Skills:
 - Level 3.6 Fighting
 + Level 5.0 Axes
 - Level 3.2 Armour
 - Level 3.2 Shields


You had 2 spell levels left.
You didn't know any spells.
Your spell library contained the following spells:

 Spells                   Type           Power      Damage    Failure   Level
 Passage of Golubria      Tloc           N/A        N/A       100%        4
 Silence                  Hex/Air        0%         N/A       100%        5
 Lehudib's Crystal Spear  Conj/Erth      0%         10d2      100%        8


Dungeon Overview and Level Annotations

Branches:
Dungeon (2/15)

Altars:

Shops:
D:1 *:**!


Message History

a quokka corpse; a quokka corpse A worm is nearby!
An endoplasm comes into view.
The endoplasm quivers.
Found a scroll labelled EKOASEJEGI.
The worm bites you!
You hit the worm.
The worm is moderately wounded.
The worm barely misses you.
You barely miss the worm.
The worm is lightly wounded.
The endoplasm jiggles.
You slash the worm!
The worm is heavily wounded.
You hit the endoplasm. The worm barely misses you. The endoplasm freezes you.
You are frozen.
You hit the endoplasm but do no damage.
The endoplasm is severely wounded.
You hit the worm but do no damage. The endoplasm freezes you.
You are frozen.
The worm bites you but does no damage.
You are too injured to fight recklessly!
You are too injured to fight recklessly!
You are too injured to fight recklessly!
You are too injured to fight recklessly!
You are too injured to fight recklessly!
You slash the endoplasm!
You kill the endoplasm!
Your Axes skill increases to level 5!
You hit the worm but do no damage.
The worm is moderately wounded.
You slash the worm!
The worm is severely wounded.
The worm bites you!
* * * LOW HITPOINT WARNING * * *
You hit the worm.
The worm is severely wounded.
The worm bites you!
You die...

#.#######..# ##.#
#.# #.)# #.# #.#
#..# #.# #.# #(.#
#)# #.# ...#####.#
#.# #.##.....# #.#
#....<. #†#
#.##### #@# #.# #
#w# #.##.##### #.#
#.........
#.......####.#####
......... #......
.......... #.#####
####....... #.# #
....... #.#####
##.#.?. #......


You could see a worm.

Vanquished Creatures
  2 ball pythons (D:1)
  A bat (D:1)
  5 endoplasms
  3 giant cockroaches
  3 goblins
  3 hobgoblins
  2 jackals (D:2)
  4 kobolds
  3 quokkas
  A frilled lizard (D:2)
  2 rats (D:1)
29 creatures vanquished.

Notes
Turn   | Place    | Note
-------+----------+-------------------------------------------
     0 | D:1      | Crownlay the Hill Orc Fighter began the quest for the Orb.
     0 | D:1      | Reached XP level 1. HP: 19/19 MP: 1/1
    22 | D:1      | Found Deny Bymo's Distillery.
    56 | D:1      | Reached skill level 3 in Axes
   326 | D:1      | Reached XP level 2. HP: 26/26 MP: 2/2
   463 | D:1      | Found Cihez's Book Emporium.
   464 | D:1      | Found Zuesm's Assorted Antiques.
   603 | D:1      | Found Luycwuseaza's Assorted Antiques.
   714 | D:1      | Reached skill level 4 in Axes
  1130 | D:1      | Found Laocwuts's Assorted Antiques.
  1263 | D:2      | Reached XP level 3. HP: 26/31 MP: 3/3
  1469 | D:2      | Reached skill level 5 in Axes
  1471 | D:2      | Slain by a worm

Illustrated notes

Levels and vault maps discovered:
D:1:      noname_arrival_rooms_in_the_neighbourhood, layout_basic, serial_shops,
          shop, shop, nicolae_square_shop, shop, nicolae_shop_stone
D:2:      layout_loops_ring, serial_shops, nicolae_shop_trees

Skill      XL: |  1  2  3 |
---------------+----------+-----
Axes           | 3 4 5 |  5.0
Fighting       | |  3.6
Armour         | |  3.2
Shields        | |  3.2

Action                   || total
-------------------------++-------
Melee: War axe           ||    90
Armor: Scale mail        ||    46
Dodge: Dodged            ||    49
